 Dungeon Crawl Stone Soup version 0.31.0-12-g77e489cdc1 (webtiles) character file.

Game seed: 12772301428703752259

72 boopmooplesden the Covered (level 4, -3/37 HPs)
             Began as an Armataur Fighter on Mar 6, 2024.
             Slain by an iguana (7 damage)
             ... on level 4 of the Dungeon.
             The game lasted 00:02:19 (1502 turns).

boopmooplesden the Covered (Armataur Fighter)       Turns: 1502, Time: 00:02:20

Health: -3/37      AC:  6    Str: 23    XL:     4   Next: 6%
Magic:  4/4        EV:  8    Int:  8    God:
Gold:   135        SH:  0    Dex: 10    Spells: 3/3 levels left

rFire   . . .        i - +2 dire flail
rCold   . . .        (shield currently unavailable)
rNeg    . . .        b - +0 scale mail
rPois   +            e - +0 helmet
rElec   .            m - +0 cloak
rCorr   .            j - +0 pair of gloves
SInv    .            (no barding)
Will    +....        (no amulet) Stlth
                     q - ring of poison resistance
HPRegen 0.26/turn    (no ring)
MPRegen 0.75/turn

%: roll
@: corroded, enlightened, flying
A: large, deformed body, tough skin 3, armoured tail, roll 1
a: no special abilities


You were on level 4 of the Dungeon.
You visited 1 branch of the dungeon, and saw 5 of its levels.

You collected 135 gold pieces.

Inventory:

Hand Weapons
 a - a +0 flail
 i - a +2 dire flail (weapon)
Missiles
 n - 2 javelins (quivered)
Armour
 b - a +0 scale mail (worn)
 c - a +0 buckler
 e - a +0 helmet (worn)
 j - a +0 pair of gloves (worn)
 m - a +0 cloak (worn)
Jewellery
 k - a ring of ice
 l - an amulet of regeneration
 q - a ring of poison resistance (left hand)
Scrolls
 o - a scroll of poison {unknown}
Potions
 d - a potion of might
 f - a potion of curing {unknown}
 g - a potion of enlightenment
 h - a potion of heal wounds {unknown}
 p - a potion of berserk rage {unknown}
 r - a potion of degeneration {unknown}


   Skills:
 + Level 2.8 Fighting
 + Level 2.4 Maces & Flails
 + Level 4.3 Armour
 + Level 1.0 Dodging
 + Level 0.1 Stealth
 + Level 3.8 Shields


You had 3 spell levels left.
You didn't know any spells.
Your spell library was empty.

Dungeon Overview and Level Annotations

Branches:
Dungeon (5/15)
 Temple: D:4-7

Altars:


Innate Abilities, Weirdness & Mutations

Armour fits poorly on your strangely shaped body.
You have extremely tough skin. (AC +3)
You have a long armoured tail.
You regenerate magic when rolling toward enemies. (Rampage MPRegen)


Message History

You puncture the ufetubus!
The ufetubus is severely wounded.
The ufetubus hits you. The ufetubus closely misses you.
The ufetubus barely misses you. The ufetubus hits you.
You thump the ufetubus!
You kill the ufetubus!
Your Dodging skill increases to level 1!
Found a scroll labelled TACKO HYASCH.
A phantom comes into view.
A jelly comes into view.
The jelly quivers.
You roll towards the jelly!
An iguana comes into view.
You roll towards the iguana!
An orc comes into view. It is wielding a +0 hand axe.
Found a stone staircase leading up.
The orc shouts!
The jelly attacks as it pursues you! The jelly closely misses you.
The iguana completely misses you.
There is a stone staircase leading up here.
The iguana bites you. The jelly hits you but does no damage.
You climb upwards.
Found a stone staircase leading up.
There is a stone staircase leading down here.
You hit the jelly. The acid corrodes you!
Your hands burn!
The jelly is heavily wounded.
The iguana bites you!
* * * LOW HITPOINT WARNING * * *
The jelly hits you but does no damage.
You sock the jelly!
You kill the jelly!
The iguana bites you!
* * * LOW HITPOINT WARNING * * *
The iguana bites you but does no damage.
You have reached level 4!
You feel agile.
It was a potion of enlightenment.
You feel very buoyant.
You fly up into the air.
The iguana bites you!
You die...

.......#
......##.
.........
.........
#.....<.#
##.......#
#..l.....#
#@.#
##.......
.......
......#
#.....#
.....#
#.....
....#


You could see an iguana.

Vanquished Creatures
  A jelly (D:4)
  An adder (D:2)
  2 ufetubi (D:5)
  A dart slug (D:2)
  3 bats
  2 endoplasms
  2 giant cockroaches (D:1)
  2 goblins
  4 hobgoblins
  A quokka (D:2)
  2 ball pythons (D:2)
  A rat (D:1)
22 creatures vanquished.

Notes
Turn   | Place    | Note
-------+----------+-------------------------------------------
     0 | D:1      | boopmooplesden the Armataur Fighter began the quest for the
                  | Orb.
     0 | D:1      | Reached XP level 1. HP: 18/18 MP: 1/1
   151 | D:1      | Found a faded altar of an unknown god.
   358 | D:1      | Reached XP level 2. HP: 25/25 MP: 2/2
   924 | D:2      | Reached skill level 4 in Armour
  1092 | D:2      | Reached XP level 3. HP: 30/30 MP: 3/3
  1471 | D:3      | You fall into a shaft and drop 2 floors!
  1471 | D:5      | Entered Level 5 of the Dungeon
  1488 | D:5      | Reached skill level 1 in Dodging
  1489 | D:5      | Noticed a phantom
  1502 | D:4      | Reached XP level 4. HP: 4/37 MP: 4/4
  1502 | D:4      | Slain by an iguana

Illustrated notes

Levels and vault maps discovered:
D:1:      roderic_dead_forest, layout_loops_corners,
          hellmonk_ecumenical_altar_inner_sanctum
D:2:      layout_rooms, eino_tiny_chamber
D:3:      layout_loops_corners, nemelex_dance_club_becter,
          nicolae_ru_sacrificial_ziggurat, nicolae_qazlal_scattered_showers,
          gup_sewer_entry_spiral, columned_hall_lemuel, uniq_terence
D:4:      layout_cave_pools, uniq_robin
D:5:      layout_rooms

Skill      XL: |  1  2  3 |
---------------+----------+-----
Armour         | 4 |  4.3
Maces & Flails | 2 |  2.4
Dodging        | 1 |  1.0
Fighting       | |  2.8
Stealth        | |  0.1
Shields        | |  3.8

Action                     |  1- 3 |  4- 6 || total
---------------------------+-------+-------++-------
  Melee: Flail             |    16 |       ||    16
         Tailslap          |     4 |       ||     4
         Dire flail        |    45 |       ||    45
    Use: Scroll            |     3 |       ||     3
         Potion            |       |     1 ||     1
 Armour: Scale mail        |    65 |     1 ||    66
  Dodge: Dodged            |    32 |       ||    32
  Block: Buckler           |     1 |       ||     1
